 Dungeon Crawl Stone Soup version 0.31-a0-880-g9a209b2425 (webtiles) character file.

Game seed: 51177371285074547

219 BinkBink the Caller (level 5, 0/52 HPs)
             Began as a Demonspawn Summoner on Oct 14, 2023.
             Slain by a bullfrog (2 damage)
             ... in a sewer.
             The game lasted 00:12:36 (3655 turns).

BinkBink the Caller (Demonspawn Summoner)           Turns: 3655, Time: 00:12:36

Health: 0/52       AC:  4    Str: 13 (15) XL:     5   Next: 64%
Magic:  3/10       EV:  9    Int: 17 (18) God:
Gold:   154        SH:  0    Dex: 16 (18) Spells: 5/11 levels left

rFire   . . .        s - staff of conjuration
rCold   . . .        (no shield)
rNeg    . . .        a - +0 robe
rPois   .            (helmet restricted)
rElec   .            j - +0 cloak of the Narrow God {Dex+3}
rCorr   .            (no gloves)
SInv    .            k - +0 pair of boots
Will    .....        (no amulet) Stlth
                     o - ring of wizardry
HPRegen 0.28/turn    t - +6 ring of strength
MPRegen 0.12/turn

%: wizardry (x1)
@: berserking, constricted, invisible, quick
A: horns 1, thin skeletal structure 1, foul stench 1
a: no special abilities


You were in a sewer.
You visited 1 branch of the dungeon, and saw 4 of its levels.
You also visited: Sewer.

You collected 154 gold pieces.

Inventory:

Hand Weapons
 p - a +2 short sword of venom
Armour
 a - a +0 robe (worn)
 j - the +0 cloak of the Narrow God (worn) {Dex+3}
   (You found it on level 2 of the Dungeon)

   Dex+3:     It affects your dexterity (+3).
 k - a +0 pair of boots (worn)
Magical Staves
 s - a staff of conjuration (weapon)
Jewellery
 n - a ring of resist corrosion
 o - a ring of wizardry (left hand)
 t - a +6 ring of strength (right hand)
 w - a ring of protection from fire
Scrolls
 c - a scroll of amnesia {unknown}
 d - 2 scrolls of noise {unknown}
 e - 2 scrolls of enchant weapon {unknown}
 f - 6 scrolls of identify {unknown}
 i - a scroll of fear {unknown}
 q - 3 scrolls of vulnerability {unknown}
 x - 2 scrolls of teleportation {unknown}
Potions
 b - a potion of magic
 l - a potion of might {unknown}
 m - a potion of invisibility
 r - a potion of degeneration
 u - a potion of enlightenment {unknown}
 v - a potion of mutation {unknown}
 z - a potion of haste {unknown}


   Skills:
 + Level 1.3 Staves
 - Level 1.7 Dodging
 - Level 1.7 Stealth
 + Level 3.9 Spellcasting
 + Level 5.5 Summonings


You had 5 spell levels left.
You knew the following spells:

 Your Spells              Type           Power      Damage    Failure   Level
a - Summon Small Mammal   Summ           88%        N/A       1%          1
b - Call Imp              Summ           44%        N/A       1%          2
c - Call Canine Familiar  Summ           22%        N/A       1%          3

Your spell library contained the following spells:

 Spells                   Type           Power      Damage    Failure   Level
 Summon Guardian Golem    Hex/Summ       12%        N/A       6%          3
 Hailstorm                Conj/Ice       5%         3d4       19%         3
 Summon Ice Beast         Ice/Summ       12%        N/A       21%         4
 Summon Lightning Spire   Summ/Air       12%        N/A       21%         4
 Simulacrum               Ice/Necr       1%         N/A       100%        6


Dungeon Overview and Level Annotations

Branches:
Dungeon (4/15)              Sewer (1/1)
 Temple: D:4-7

Altars:

Shops:
D:1 :

Annotations:
D:2 1 runed translucent door, Crazy Yiuf


Innate Abilities, Weirdness & Mutations

You have a pair of small horns on your head.
You have a somewhat thin skeletal structure. (Dex +2, Stealth+)
You may rarely emit foul miasma when damaged in melee.


Message History

Something bites your cerulean imp but does no damage.
Your cerulean imp is constricted.
Your hound barely misses the bullfrog.
Your bat hits the bullfrog.
Your bat closely misses the bullfrog.
The bullfrog closely misses you. The ball python barely misses you.
The bullfrog barely misses you. The ball python bites you.
* * * LOW HITPOINT WARNING * * *
You emit a cloud of foul miasma!
The ball python constricts you.
Something bites your cerulean imp but does no damage.
Your cerulean imp is constricted.
Your cerulean imp hits the bullfrog from afar with a -2 spear.
Your bat hits the bullfrog.
Your bat closely misses the bullfrog.
Your hound barely misses the bullfrog.
The endoplasm barely misses your hound.
It was a potion of degeneration.
There was something very wrong with that liquid.
You feel weakened.
You feel dopey.
You feel clumsy.
Your bat barely misses the bullfrog.
Your bat misses the bullfrog. The bullfrog barely misses you.
The bullfrog hits you but does no damage.
Your bat hits the bullfrog.
The ball python bites you but does no damage.
Your hound splashes around in the water.
The ball python is engulfed in dark miasma.
The ball python is poisoned.
The ball python barely misses you. The ball python constricts you.
* * * LOW HITPOINT WARNING * * *
Something bites your cerulean imp.
Your cerulean imp is constricted.
The bullfrog barely misses you.
Your cerulean imp closely misses the bullfrog.
Your bat hits the bullfrog.
Your bat closely misses the bullfrog.
The bullfrog closely misses your bat. The endoplasm hits your hound.
It was a potion of berserk rage.
A red film seems to cover your vision as you go berserk!
You feel yourself moving faster!
You feel mighty!
Your bat hits the bullfrog.
Your bat closely misses the bullfrog.
Your hound closely misses the bullfrog.
Your bat barely misses the bullfrog.
The ball python barely misses you.
The ball python is engulfed in dark miasma.
The ball python looks even sicker.
The ball python bites you but does no damage.
The ball python constricts you. The bullfrog hits you.
You die...

#.....
§§§§§§#
##.....
§§§§§§#
#......
##§§§§§#
#.~~~~#
#§§§§§§#
#≈~~≈≈~
#§§§J§§#
#≈~≈≈≈≈
#§~Sh§§#
#≈~~~≈≈
#§SSF§§#
#≈~~~~≈
#~#@F§§#
#≈≈≈~~≈
#§5b§b§#
#≈≈~~~~
#§§§§§§#
#≈≈~≈~~
#§§§§§§#
#≈~~~~≈
#§§#§§§#
#≈~..~~
#§§~§§§#
##~~~~≈
#§§~§§§#
#~~~≈≈≈
#§§~§§§#
#~≈≈≈≈≈
#≈≈≈~~≈#
#≈~~~≈≈


You could see 2 bullfrogs, an endoplasm, 3 ball pythons, a friendly hound
(summoned), a friendly cerulean imp (summoned) and 2 friendly bats.

Vanquished Creatures
  A sleepcap (D:4)
  4 adders
  A worm (D:2)
  3 hobgoblins
  A jackal (D:1)
  A quokka (D:2)
  2 ball pythons
13 creatures vanquished.

Vanquished Creatures (collateral kills)
  6 adders
  A river rat (Sewer)
  A white imp (D:3)
  A dart slug (D:2)
  3 orcs (D:3)
  15 ball pythons
  2 bats (D:1)
  3 endoplasms
  4 goblins
  5 hobgoblins
  2 jackals (D:1)
  A quokka (D:4)
  3 frilled lizards
  6 kobolds
  25 rats
78 creatures vanquished.

Grand Total: 91 creatures vanquished

Notes
Turn   | Place    | Note
-------+----------+-------------------------------------------
     0 | D:1      | BinkBink the Demonspawn Summoner began the quest for the
                  | Orb.
     0 | D:1      | Reached XP level 1. HP: 13/13 MP: 3/3
   375 | D:1      | Found Elynwaet's Vocational Training.
   379 | D:1      | Gained mutation: You have a pair of small horns on your
                  | head. [demonic ancestry]
   379 | D:1      | Reached XP level 2. HP: 17/19 MP: 5/5
   508 | D:1      | Found a faded altar of an unknown god.
   809 | D:1      | Learned a level 2 spell: Call Imp
   868 | D:2      | Gained mutation: You may rarely emit foul miasma when
                  | damaged in melee. [demonic ancestry]
   868 | D:2      | Reached XP level 3. HP: 24/24 MP: 4/7
  1286 | D:2      | Reached XP level 4. HP: 30/30 MP: 6/8
  1306 | D:2      | Identified the +0 cloak of the Narrow God {Dex+3}
  1718 | D:2      | Found a runed translucent door.
  1719 | D:2      | Noticed Crazy Yiuf
  1912 | D:2      | Reached skill level 5 in Summonings
  2136 | D:2      | Learned a level 3 spell: Call Canine Familiar
  2875 | D:4      | Gained mutation: You have a somewhat thin skeletal
                  | structure. (Dex +2, Stealth+) [demonic ancestry]
  2875 | D:4      | Reached XP level 5. HP: 17/35 MP: 1/10
  2983 | D:4      | Found a glowing drain.
  2987 | Sewer    | Entered a sewer
  3298 | Sewer    | Reached skill level 1 in Staves
  3654 | Sewer    | HP: 1/35 [constriction (1)]
  3655 | Sewer    | Slain by a bullfrog

Illustrated notes

Levels and vault maps discovered:
D:1:      lightli_arrival_windingriver, layout_loops_cross,
          hellmonk_ecumenical_altar_dog_temple, nicolae_shop_vocational
D:2:      layout_basic, minivault_27, minmay_misc_feat_iff,
          serial_park_tiny_pond, uniq_crazy_yiuf_cottage
D:3:      layout_basic
D:4:      layout_loops_corners, nicolae_sif_muna_condensation,
          nicolae_dithmenos_through_a_glass_darkly, gup_sewer_entry_bowl,
          hangedman_glass_teeth
Sewer:    sewer_minmay_w

Skill      XL: |  1  2  3  4  5 |
---------------+----------------+-----
Spellcasting   | 3 |  3.9
Summonings     | 5 |  5.5
Staves         | 1 |  1.3
Dodging        | |  1.7
Stealth        | |  1.7

Action                     |  1- 3 |  4- 6 || total
---------------------------+-------+-------++-------
  Melee: Unarmed           |    33 |    25 ||    58
         Headbutt          |     1 |     8 ||     9
         Staff             |       |    13 ||    13
   Cast: Summon Small Mamm |    41 |    39 ||    80
         Call Imp          |     2 |    22 ||    24
         Call Canine Famil |       |    18 ||    18
    Use: Potion            |       |     3 ||     3
         Scroll            |       |     1 ||     1
   Stab: Distracted        |     1 |       ||     1
         Sleeping          |       |     1 ||     1
 Armour: Robe              |    34 |    53 ||    87
  Dodge: Dodged            |    41 |    41 ||    82

Table legend: (Time is in decaauts)
 A = Elapsed time spent in this place.
 B = Non-inter-level travel time spent in this place.
 C = Inter-level travel time spent in this place.
 D = Time resting spent in this place.
 E = Time spent auto-exploring this place.
 F = Levels seen in this place.
 G = Mean time per level.
                   A        B        C        D        E       F      G
               +--------+--------+--------+--------+--------+-----+--------+
         Total |   3694 |   3633 |     61 |    209 |   2535 |   5 |  738.8 |
       Dungeon |   2990 |   2929 |     61 |    186 |   2026 |   4 |  747.5 |
         Sewer |    704 |    704 |      0 |     23 |    508 |   1 |  704.0 |
               +--------+--------+--------+--------+--------+-----+--------+

Top non-repeatable levels by time:
     D:2: 1344 daAuts
     D:1: 825 daAuts
   Sewer: 704 daAuts
     D:3: 671 daAuts
     D:4: 148 daAuts
